 Dungeon Crawl Stone Soup version 0.23-a0-175-g97aacdb306 (webtiles) character file.

14 Holzbalken the Cudgeler (level 2, 0/22 HPs)
             Began as a Demonspawn Gladiator on Sept 16, 2018.
             Slain by a goblin
             ... wielding a +0 dagger
              (3 damage)
             ... on level 1 of the Dungeon.
             The game lasted 00:01:40 (247 turns).

Holzbalken the Cudgeler (Demonspawn Gladiator)       Turns: 247, Time: 00:01:41

Health: 0/22       AC:  4    Str: 14    XL:     2   Next: 27%
Magic:  2/2        EV: 12    Int:  9    God:
Gold:   0          SH:  0    Dex: 14    Spells: 1/1 levels left

rFire    . . .     SeeInvis .   a - +0 flail
rCold    . . .     Gourm    .   (no shield)
rNeg     . . .     Faith    .   b - +0 leather armour
rPois    .         Spirit   .   c - +0 helmet
rElec    .         Reflect  .   (no cloak)
rCorr    .         Harm     .   (no gloves)
MR       .....                  (no boots)
Stlth    +.........             h - amulet of rage
HPRegen  0.07/turn              e - ring of flight
MPRegen  0.08/turn              (no ring)

@: flying
A: rot immunity
a: Evoke Berserk Rage, Stop Flying


You were on level 1 of the Dungeon.
You were not hungry.

You visited 1 branch of the dungeon, and saw 1 of its levels.

Inventory:

Hand Weapons
 a - a +0 flail (weapon)
Missiles
 d - 3 throwing nets (quivered)
Armour
 b - a +0 leather armour (worn)
 c - a +0 helmet (worn)
Jewellery
 e - a ring of flight (left hand)
 h - an amulet of rage (around neck)
Scrolls
 g - a scroll of fear {unknown}
Comestibles
 f - a ration


   Skills:
 - Level 2.0 Fighting
 + Level 3.4 Maces & Flails
 - Level 1.7 Throwing
 - Level 2.6 Dodging


You had one spell level left.
You didn't know any spells.
Your spell library was empty.

Dungeon Overview and Level Annotations

Branches:
Dungeon (1/15)

Altars:


Innate Abilities, Weirdness & Mutations

You are immune to rotting.


Message History

The bat hits you but does no damage. The goblin hits you but does no damage.
The leopard gecko barely misses you. The goblin hits you with a dagger.
The bat closely misses you. The bat hits you but does no damage. x2
The leopard gecko completely misses you.
The goblin misses you. The goblin barely misses you.
The leopard gecko closely misses you. The goblin barely misses you.
The goblin hits you but does no damage. The bat barely misses you.
The bat hits you but does no damage. x2; The bat hits you.
The goblin hits you with a dagger.
* * * LOW HITPOINT WARNING * * *
The bat closely misses you. x2
The bat hits you but does no damage. The bat barely misses you.
The goblin barely misses you. The goblin hits you but does no damage.
The bat hits you.
* * * LOW HITPOINT WARNING * * *
The hobgoblin hits you but does no damage.
The goblin hits you with a dagger.
You die...

#. #......... #.
#(........
#.#########.........
#...?##...#.........
##...........$......>
#.>......(...........
#............#.....#.
#..bgl.......#######.
##..@gb.....## #.
#...g#....## #.
#(####.#### #. #. #.#
##. # #.# #.. #.# #.#
♣.# .## #≈≈P≈≈♣♣♣
...##♣≈≈P≈≈♣♣♣


You could see a leopard gecko, a hobgoblin, 2 goblins and 2 bats.

Vanquished Creatures
  2 dart slugs (D:1)
  A giant cockroach (D:1)
  2 goblins (D:1)
  2 hobgoblins (D:1)
  A frilled lizard (D:1)
  A kobold (D:1)
9 creatures vanquished.

Notes
Turn   | Place    | Note
-------+----------+-------------------------------------------
     0 | D:1      | Holzbalken the Demonspawn Gladiator began the quest for the
                  | Orb.
     0 | D:1      | Reached XP level 1. HP: 16/16 MP: 1/1
    32 | D:1      | Reached skill level 3 in Maces & Flails
   149 | D:1      | Gained mutation: You are immune to rotting. [demonic
                  | ancestry]
   149 | D:1      | Reached XP level 2. HP: 21/22 MP: 2/2
   247 | D:1      | Slain by a goblin

Vault maps used:
D:1:      wheals_arrival_shading, minmay_misc_feat_square, serial_bayou_lagoon_b

Skill      XL: |  1 |
---------------+----+-----
Maces & Flails | 3 |  3.4
Fighting       | |  2.0
Throwing       | |  1.7
Dodging        | |  2.6

Action                   || total
-------------------------++-------
Melee: Flail             ||    28
 Abil: Evoke Flight      ||     1
Armor: Leather armour    ||    42
Dodge: Dodged            ||    86

Table legend:
 A = Non-vault XP
 B = Vault XP
 C = Vault XP percentage of total XP
 D = Non-vault monster count
 E = Vault monster count
 F = Vault count percentage of total count
                 A         B        C        D         E       F
            +---------+---------+-------+---------+---------+-------
      Total |      20 |       0 |   0.0 |       9 |       0 |   0.0
            +---------+---------+-------+---------+---------+-------
        D:1 |      20 |       0 |   0.0 |       9 |       0 |   0.0
            +---------+---------+-------+---------+---------+-------
